 Dungeon Crawl Stone Soup version 0.27-a0-1232-gc6a4cbde82 (webtiles) character file.

Game seed: 8768592854483451962

4774 mordus the Grappler (level 10, -4/93 (98) HPs)
             Began as a Troll Monk on June 8, 2021.
             Slain by a five-headed hydra (5 damage)
             ... on level 6 of the Dungeon.
             The game lasted 00:11:24 (4801 turns).

mordus the Grappler (Troll Monk)                    Turns: 4801, Time: 00:11:24

HP:   -4/93 (98)    AC:  9    Str: 22    XL:     10   Next: 23%
MP:   9/9           EV: 11    Int:  6    God:
Gold: 307           SH:  0    Dex: 14    Spells: 9/9 levels left

rFire    . . .     SeeInvis .     - Unarmed
rCold    . . .     Faith    .   (no shield)
rNeg     . . .     Spirit   .   s - +0 acid dragon scales
rPois    .         Reflect  .   (helmet restricted)
rElec    .         Harm     .   (no cloak)
rCorr    +         Rampage  .   (gloves unavailable)
Will     .....                  (boots unavailable)
Stlth    +.........             (no amulet)
HPRegen  1.25/turn              (no ring)
MPRegen  0.11/turn              (no ring)

@: drained
A: large, unfitting armour, claws 3, regeneration 1, shaggy fur 1, tough skin 1
a: no special abilities


You were on level 6 of the Dungeon.
You visited 1 branch of the dungeon, and saw 7 of its levels.

You collected 351 gold pieces.
You spent 44 gold pieces at shops.

Inventory:

Hand Weapons
 u - a +4 mace of protection
Armour
 a - a +0 robe
 s - +0 acid dragon scales (worn)
Jewellery
 v - a ring of wizardry
Wands
 w - a wand of iceblast (6)
Scrolls
 d - 6 scrolls of identify {unknown}
 e - a scroll of amnesia {unknown}
 g - 2 scrolls of acquirement {unknown}
 h - 5 scrolls of enchant armour {unknown}
 i - 8 scrolls of teleportation {unknown}
 j - 3 scrolls of blinking {unknown}
 m - a scroll of magic mapping {unknown}
 n - a scroll of holy word {unknown}
 o - a scroll of fear {unknown}
 q - a scroll of noise {unknown}
 t - a scroll of silence {unknown}
Potions
 b - 5 potions of curing {unknown}
 c - 2 potions of lignification {unknown}
 f - 4 potions of heal wounds {unknown}
 k - a potion of mutation {unknown}
 l - 2 potions of brilliance {unknown}
 p - a potion of attraction {unknown}
 r - 2 potions of flight


   Skills:
 + Level 6.1 Fighting
 + Level 5.4 Armour
 + Level 6.1 Dodging
 - Level 1.0 Stealth
 * Level 10.1 Unarmed Combat


You had 9 spell levels left.
You didn't know any spells.
Your spell library contained the following spells:

 Spells                   Type           Power      Damage    Failure   Level
 Beastly Appendage        Tmut           0%         N/A       52%         1
 Corona                   Hex            0%         N/A       52%         1
 Ensorcelled Hibernation  Hex/Ice        0%         N/A       67%         2
 Wereblood                Tmut           0%         N/A       67%         2
 Confusing Touch          Hex            0%         N/A       88%         3
 Dazzling Flash           Conj/Hex       0%         N/A       88%         3
 Spider Form              Tmut/Pois      0%         N/A       88%         3
 Tukima's Dance           Hex            0%         N/A       88%         3
 Ice Form                 Ice/Tmut       0%         N/A       99%         4
 Hydra Form               Tmut           0%         N/A       100%        5


Dungeon Overview and Level Annotations

Branches:
Dungeon (7/15)             Temple (0/1) D:6

Altars:
Ashenzari
Cheibriados
Uskayaw
Vehumet
Beogh

Shops:
D:5 !   D:6 (   D:7 ?:!(


Innate Abilities, Weirdness & Mutations

You are too large for most types of armour.
You have claws for hands.
Your natural rate of healing is unusually fast.
You are covered in fur. (AC +1)
You have tough skin. (AC +1)


Message History

You see here a +0 leather armour.
There is an open door here.
You scratch the wight.
The wight is lightly damaged.
The wight barely misses you.
You barely miss the wight.
The wight is lightly damaged.
You claw one of the four-headed hydra's heads off!
The three-headed hydra grows two more!
You mangle the five-headed hydra!!
The five-headed hydra is moderately wounded.
You barely miss the five-headed hydra.
The five-headed hydra is moderately wounded.
The five-headed hydra completely misses you.
The five-headed hydra bites you!
The five-headed hydra completely misses you.
The five-headed hydra bites you.
The five-headed hydra barely misses you.
The five-headed hydra bites you. x3
The five-headed hydra closely misses you.
The five-headed hydra bites you but does no damage.
There is an escape hatch in the ceiling, spattered with blood here.
The five-headed hydra bites you but does no damage.
The five-headed hydra barely misses you.
The five-headed hydra bites you but does no damage.
The five-headed hydra completely misses you.
The five-headed hydra bites you!
* * * LOW HITPOINT WARNING * * *
The wight hits you with a +0 falchion.
* * * LOW HITPOINT WARNING * * *
A mysterious force pulls you upwards. The hatch slams shut behind you.
You scratch the wight.
The wight is moderately damaged.
The five-headed hydra bites you!
* * * LOW HITPOINT WARNING * * *
The five-headed hydra bites you.
* * * LOW HITPOINT WARNING * * *
The five-headed hydra closely misses you.
The five-headed hydra barely misses you.
The five-headed hydra bites you.
You die...

############### #####
..............# #...#
#############.# #...########### #
#######.....#####...##.........
###>...........D@z....''.........
......#<..###.####....##.........
.##.#.#####...# #.#####....)>...
..#.#.....[.### #.# #.........
..#.##############.# #.........
..#...)............# #.........
#################### #........) #
########## # #..


You could see a five-headed hydra and a wight.

Vanquished Creatures
  Pikel (D:4)
  A shadow (D:4)
  Eustachio (D:4)
  2 wyverns (D:7)
  Menkaure (D:4)
  An acid dragon (D:6)
  An orc warrior (D:7)
  3 ice beasts
  A black bear (D:6)
  5 sky beasts
  2 ogres
  A centaur (D:7)
  2 necrophages (D:6)
  4 bullfrogs
  3 gnoll sergeants
  2 elf skeletons (D:5)
  4 scorpions
  A water moccasin zombie (D:6)
  6 wights
  3 howler monkeys (D:7)
  A centaur zombie (D:3)
  A human zombie (D:5)
  2 hounds
  2 jellies (D:5)
  6 orc priests
  A human skeleton (D:5)
  A bullfrog skeleton (D:6)
  3 centaur skeletons
  3 iguanas
  4 orc wizards (D:6)
  A scorpion zombie (D:5)
  A howler monkey zombie (D:6)
  A howler monkey skeleton (D:7)
  4 adders
  9 gnolls
  A shadow imp (D:6)
  A white imp (D:6)
  An ufetubus (D:4)
  A worm (D:3)
  2 dart slugs
  19 orcs
  7 bats
  11 endoplasms
  3 giant cockroaches
  4 goblins
  6 hobgoblins
  2 jackals (D:3)
  2 kobolds
  8 quokkas
  5 ball pythons
  A frilled lizard (D:2)
  2 orc skeletons (D:5)
  A rat (D:1)
162 creatures vanquished.

Vanquished Creatures (others)
  8 plants
8 creatures vanquished.

Grand Total: 170 creatures vanquished

Notes
Turn   | Place    | Note
-------+----------+-------------------------------------------
     0 | D:1      | mordus the Troll Monk began the quest for the Orb.
     0 | D:1      | Reached XP level 1. HP: 22/22 MP: 0/0
   137 | D:1      | Reached XP level 2. HP: 27/29 MP: 1/1
   585 | D:2      | Reached XP level 3. HP: 36/36 MP: 2/2
   632 | D:2      | Found a faded altar of an unknown god.
   639 | D:2      | Found a snail-covered altar of Cheibriados.
   893 | D:2      | Reached skill level 1 in Armour
  1149 | D:3      | Found a snail-covered altar of Cheibriados.
  1211 | D:3      | Noticed a sky beast
  1213 | D:3      | Reached XP level 4. HP: 44/44 MP: 3/3
  1229 | D:3      | Killed a sky beast
  1230 | D:3      | Reached skill level 4 in Unarmed Combat
  1230 | D:3      | Reached XP level 5. HP: 41/53 MP: 4/4
  1274 | D:3      | Found a hide-covered altar of Uskayaw.
  1643 | D:3      | Found a broken altar of Ashenzari.
  1754 | D:4      | Reached skill level 5 in Unarmed Combat
  1754 | D:4      | Reached XP level 6. HP: 27/61 MP: 5/5
  1952 | D:4      | Noticed Eustachio
  2039 | D:4      | Killed Eustachio
  2139 | D:4      | Noticed Menkaure
  2148 | D:4      | Killed Menkaure
  2149 | D:4      | Reached XP level 7. HP: 20/68 MP: 6/6
  2302 | D:5      | Entered Level 5 of the Dungeon
  2302 | D:5      | Noticed Pikel
  2303 | D:5      | Noticed a shadow
  2322 | D:4      | Killed Pikel
  2323 | D:4      | Reached skill level 6 in Unarmed Combat
  2323 | D:4      | Reached XP level 8. HP: 20/78 MP: 7/7
  2382 | D:4      | Reached skill level 7 in Unarmed Combat
  2502 | D:5      | Found Enuguts's Distillery.
  2714 | D:5      | Found a radiant altar of Vehumet.
  3299 | D:5      | Reached skill level 8 in Unarmed Combat
  3359 | D:6      | Reached skill level 5 in Fighting
  3359 | D:6      | Reached XP level 9. HP: 81/88 MP: 8/8
  3401 | D:6      | Reached skill level 5 in Dodging
  3972 | D:6      | Reached skill level 9 in Unarmed Combat
  4005 | D:6      | Found a staircase to the Ecumenical Temple.
  4216 | D:7      | Reached skill level 5 in Armour
  4224 | D:7      | Found Qorior's Weapon Emporium.
  4382 | D:7      | Reached XP level 10. HP: 87/98 MP: 9/9
  4522 | D:7      | Found Doul's Distillery.
  4532 | D:7      | Bought a potion of degeneration for 11 gold pieces
  4532 | D:7      | Bought a potion of flight for 33 gold pieces
  4554 | D:7      | Found Tocwas's Magic Scroll Shoppe.
  4626 | D:7      | Found Icluy's Book Shoppe.
  4736 | D:7      | Reached skill level 10 in Unarmed Combat
  4758 | D:7      | Noticed a four-headed hydra
  4801 | D:6      | HP: 1/93 [five-headed hydra (6)]
  4801 | D:6      | Slain by a five-headed hydra

Illustrated notes

Levels and vault maps discovered:
D:1:      minmay_arrival_stone_box, layout_loops_ring
D:2:      layout_basic, basic_altar, basic_ecumenical_altar, grunt_decor_clamped
D:3:      layout_rooms, eat_drink_and_be_merry_uskayaw, slow_altar_1,
          overflow_temple_1_default, serial_forest,
          infiniplex_forest_clump_cross, infiniplex_forest_clump_tiny,
          infiniplex_forest_lined_4_way, infiniplex_forest_straight_2,
          infiniplex_forest_end_2, infiniplex_forest_clump_diagonal
D:4:      layout_rooms, uniq_eustachio, uniq_menkaure
D:5:      layout_basic, amcnicky_altar_gilded, serial_shops, shop,
          nicolae_ossuary_entry_catacombs, uniq_pikel
D:6:      kennysheep_spiral_hall, layout_basic, temple_hall
D:7:      nzn_winding_woodlands_cross [nzn_winding_woodlands_5x15_lazy_stream,
          nzn_winding_woodlands_5x15_eye, nzn_winding_woodlands_5x15_longhouse,
          nzn_winding_woodlands_5x15_jagged,
          nzn_winding_woodlands_15x15_thick_spiral], layout_basic, serial_shops,
          shop, shop, nicolae_shop_statue_plus, shop_fountains,
          david_defended_altar_orc

Skill      XL: |  1  2  3  4  5  6  7  8  9 10 |
---------------+-------------------------------+-----
Armour         | 1 2 3 4 5 |  5.4
Fighting       | 3 4 5 6 |  6.1
Dodging        | 3 4 5 6 |  6.1
Unarmed Combat | 4 5 6 8 9 10 | 10.1
Stealth        | |  1.0

Action                   |  1- 3 |  4- 6 |  7- 9 | 10-12 || total
-------------------------+-------+-------+-------+-------++-------
Melee: Unarmed           |   103 |   112 |   284 |    88 ||   587
       Punch             |       |     2 |    12 |     3 ||    17
 Stab: Sleeping          |     4 |     1 |     3 |     1 ||     9
Armor: Robe              |    24 |    40 |    25 |       ||    89
       Acid dragon scale |       |       |    49 |    16 ||    65
Dodge: Dodged            |    37 |    85 |   131 |    45 ||   298

Table legend: (Time is in decaauts)
 A = Elapsed time spent in this place.
 B = Non-inter-level travel time spent in this place.
 C = Inter-level travel time spent in this place.
 D = Time resting spent in this place.
 E = Time spent auto-exploring this place.
 F = Levels seen in this place.
 G = Mean time per level.
                   A        B        C        D        E       F      G
               +--------+--------+--------+--------+--------+-----+--------+
         Total |   4738 |   4622 |    116 |    366 |   2980 |   7 |  676.9 |
       Dungeon |   4738 |   4622 |    116 |    366 |   2980 |   7 |  676.9 |
               +--------+--------+--------+--------+--------+-----+--------+

Top non-repeatable levels by time:
     D:4: 806 daAuts
     D:6: 786 daAuts
     D:5: 761 daAuts
     D:7: 635 daAuts
     D:3: 625 daAuts
     D:1: 574 daAuts
     D:2: 549 daAuts
